 Dungeon Crawl Stone Soup version 0.31-a0-489-g282fc92437 (webtiles) character file.

Game seed: 2126258819640407516

471 GordonOverkill the Sneak (level 7, -1/72 HPs)
             Began as an Octopode Delver on Aug 8, 2023.
             Was a Follower of Vehumet.
             Slain by an orc warrior
             ... wielding a +0 halberd
              (12 damage)
             ... on level 6 of the Dungeon.
             The game lasted 00:07:06 (2215 turns).

GordonOverkill the Sneak (Octopode Delver)          Turns: 2215, Time: 00:07:06

Health: -1/72      AC: 23    Str: 11    XL:     7   Next: 9%
Magic:  7/7        EV:  2    Int: 14    God:    Vehumet [*.....]
Gold:   144        SH:  0    Dex: 14    Spells: 6/6 levels left

rFire   . . .        a - +0 short sword
rCold   . . .        (no shield)
rNeg    . . .        (helmet currently unavailable)
rPois   +            (no amulet)
rElec   .            (no ring)
rCorr   .            (no ring)
SInv    .            (no ring)
Will    .....        (no ring)
Stlth   ++++         (no ring)
HPRegen 0.32/turn    (no ring)
MPRegen 0.10/turn    (no ring)
                     (no ring)

%: no passive effects
@: tree-form, hasted, very quick
A: stationary, stasis, torment immunity, boosted hp, almost no armour,
(amphibious), 8 rings, (camouflage 1), (gelatinous body 1), (nimble swimmer 1),
(tentacles)
a: Renounce Religion


You were on level 6 of the Dungeon.
You worshipped Vehumet.
Vehumet was aware of your devotion.
You were a tree.
You visited 1 branch of the dungeon, and saw 4 of its levels.
You also visited: Bailey.

You collected 144 gold pieces.

Inventory:

Hand Weapons
 a - a +0 short sword (weapon)
Missiles
 h - 2 throwing nets
Wands
 j - a wand of flame (14)
Scrolls
 b - a scroll of fog
 c - a scroll of revelation
 d - 3 scrolls of identify
 e - a scroll of silence
Potions
 f - a potion of cancellation


   Skills:
 - Level 4.0 Fighting
 + Level 5.8 Short Blades
 - Level 3.2 Dodging
 - Level 7.6 Stealth


You had 6 spell levels left.
You didn't know any spells.
Your spell library contained the following spells:

 Spells                   Type           Power      Damage    Failure   Level
 Kiss of Death            Conj/Necr      0%         2d5       28%         1
 Apportation              Tloc           0%         N/A       28%         1
 Necrotise                Necr           0%         1d4       28%         1
 Sting                    Tmut/Pois      0%         1d3       28%         1
 Summon Small Mammal      Summ           0%         N/A       28%         1
 Poisonous Vapours        Pois/Air       0%         N/A       41%         2
 Olgreb's Toxic Radiance  Pois           0%         N/A       96%         4


Dungeon Overview and Level Annotations

Branches:
Dungeon (7/15)             Temple (0/1) D:5          Bailey (visited)

Altars:
Ashenzari
Dithmenos
Fedhas
Nemelex Xobeh
Okawaru
Sif Muna
Uskayaw
Vehumet
Zin

Annotations:
D:5 1 runed translucent door, Kiciri's ghost, novice DrCj


Innate Abilities, Weirdness & Mutations

You are a tree.
Your roots penetrate the ground, keeping you stationary.
You cannot be teleported.
You are immune to unholy pain and torment.
Your maximum health is greatly increased.
You cannot wear most types of armour.
((You are amphibious.))
You can wear up to eight rings at the same time.
((Your skin changes colour to match your surroundings (Stealth+).))
((Your rubbery body absorbs attacks. (AC +1, EV +1)))
((You are camouflaged when in or above water. (Stealth+)))
((You have tentacles for arms and can constrict up to eight enemies at once.))


Message History

* * * LOW HITPOINT WARNING * * *
You hit the orc warrior but do no damage.
You hit the orc warrior.
The orc warrior is lightly wounded.
The orc warrior hits you but does no damage.
You barely miss the orc warrior.
The orc warrior is lightly wounded.
You closely miss the orc warrior.
The orc warrior is lightly wounded.
The orc warrior hits you but does no damage.
You hit the orc warrior but do no damage.
The orc warrior is lightly wounded.
You hit the orc warrior.
The orc warrior is lightly wounded.
You hit the orc warrior but do no damage.
The orc warrior is lightly wounded.
The orc warrior hits you but does no damage.
You hit the orc warrior but do no damage.
The orc warrior is lightly wounded.
You hit the orc warrior but do no damage.
The orc warrior is lightly wounded.
The orc warrior hits you with a +0 halberd.
* * * LOW HITPOINT WARNING * * *
You hit the orc warrior but do no damage.
The orc warrior is lightly wounded.
You hit the orc warrior but do no damage.
You punch the orc warrior, but do no damage.
The orc warrior is lightly wounded.
The orc warrior hits you but does no damage.
You hit the orc warrior.
The orc warrior is moderately wounded.
You hit the orc warrior.
The orc warrior is moderately wounded.
The orc warrior hits you but does no damage.
You barely miss the orc warrior.
The orc warrior is moderately wounded.
You hit the orc warrior but do no damage.
The orc warrior is moderately wounded.
The orc warrior hits you with a +0 halberd!
You die...

....#...##.####.#.#
...
#................#
..
#.##.......###.#.#
.. #.......##.#
#.#.#######.
#........#.#
#...........
#.....#..#.#
#.#########.
#........#.# #.# #.
##<#.....o.###.###
#. #.##.#.♣###.....#
#. #.......###.....#
#. ####............#
#† #..#####.....#
####. #..#####.....#
#.... #.....##.#####
#.##. ##.##.##.#
#.##. #.##.##.#####
#.#..
#...........####.#.#


You could see an orc warrior.

Vanquished Creatures
  2 water moccasins (D:5)
  A bullfrog (D:6)
  3 orc wizards
  3 gnolls (D:4)
  5 adders (D:5)
  A shadow imp (D:5)
  An ufetubus (D:5)
  A worm (D:4)
  12 orcs
  A giant cockroach (D:4)
  4 goblins (D:7)
34 creatures vanquished.

Notes
Turn   | Place    | Note
-------+----------+-------------------------------------------
     0 | D:5      | GordonOverkill the Octopode Delver began the quest for the
                  | Orb.
     0 | D:5      | Reached XP level 1. HP: 16/16 MP: 1/1
     1 | D:5      | Found a staircase to the Ecumenical Temple.
     2 | D:5      | Noticed an orc wizard
     3 | D:5      | Noticed an orc wizard
    59 | D:6      | Noticed an ice beast
   109 | D:5      | Reached XP level 2. HP: 21/21 MP: 2/2
   132 | D:5      | Reached XP level 3. HP: 17/26 MP: 3/3
   225 | D:5      | Reached skill level 7 in Stealth
   343 | D:4      | Found a shimmering blue altar of Sif Muna.
   343 | D:4      | Found a glowing silver altar of Zin.
   347 | D:4      | Found a hide-covered altar of Uskayaw.
   349 | D:4      | Found a radiant altar of Vehumet.
   352 | D:4      | Found a sparkling altar of Nemelex Xobeh.
   353 | D:4      | Found an iron altar of Okawaru.
   353 | D:4      | Found a shadowy altar of Dithmenos.
   356 | D:4      | Became a worshipper of Vehumet
   358 | D:4      | Found a blossoming altar of Fedhas.
   360 | D:4      | Found a broken altar of Ashenzari.
   460 | D:4      | Reached XP level 4. HP: 4/31 MP: 4/4
   744 | D:5      | Noticed a water moccasin
   750 | D:5      | Killed a water moccasin
   751 | D:5      | Reached XP level 5. HP: 17/37 MP: 5/5
  1048 | D:5      | Found a runed translucent door.
  1049 | D:5      | Noticed Kiciri's ghost (novice DrCj)
  1175 | D:5      | Noticed a water moccasin
  1184 | D:5      | Killed a water moccasin
  1185 | D:5      | Reached XP level 6. HP: 18/43 MP: 6/6
  1289 | D:5      | Reached skill level 5 in Short Blades
  1594 | D:7      | Found a flagged portal.
  1645 | Bailey   | Entered a bailey
  1679 | Bailey   | Reached * piety under Vehumet
  1679 | Bailey   | Offered knowledge of Kiss of Death by Vehumet.
  1813 | Bailey   | Noticed an orc warrior
  1984 | D:7      | Noticed an ice beast
  2053 | D:6      | Noticed an orc warrior
  2054 | D:6      | Found the +1 Delatra's gloves {ID++}
  2150 | D:6      | Reached XP level 7. HP: 48/48 MP: 7/7
  2215 | D:6      | Slain by an orc warrior

Illustrated notes

Levels and vault maps discovered:
D:4:      layout_cave_pools, nicolae_overflow_hallway_of_the_gods,
          grunt_tough_drop
D:5:      layout_basic, minmay_temple_entry_grid, ebering_ghost_reflecting_pool
D:6:      layout_loops_cross, amcnicky_mini_corridor_feature,
          pf_guarded_unrand_delatra
D:7:      layout_loops_corners, serial_shops, shop, enter_bailey_3,
          minmay_misc_feat_square

Skill      XL: |  1  2  3  4  5  6 |
---------------+-------------------+-----
Stealth        | 7 |  7.6
Fighting       | 4 |  4.0
Short Blades   | 3 4 5 |  5.8
Dodging        | 3 |  3.2

Action                     |  1- 3 |  4- 6 |  7- 9 || total
---------------------------+-------+-------+-------++-------
  Melee: Short sword       |    40 |    87 |    24 ||   151
         Constrict         |     7 |    22 |       ||    29
         Tentacles         |     8 |    19 |       ||    27
         Punch             |       |     1 |     1 ||     2
  Evoke: Wand              |     3 |       |       ||     3
    Use: Potion            |     4 |       |     2 ||     6
         Scroll            |     1 |     3 |       ||     4
   Stab: Sleeping          |     1 |     5 |       ||     6
         Distracted        |       |     1 |       ||     1
 Armour: Skin              |     4 |       |     7 ||    11
  Dodge: Dodged            |    20 |    30 |       ||    50

Table legend: (Time is in decaauts)
 A = Elapsed time spent in this place.
 B = Non-inter-level travel time spent in this place.
 C = Inter-level travel time spent in this place.
 D = Time resting spent in this place.
 E = Time spent auto-exploring this place.
 F = Levels seen in this place.
 G = Mean time per level.
                   A        B        C        D        E       F      G
               +--------+--------+--------+--------+--------+-----+--------+
         Total |   2157 |   2122 |     35 |    760 |    420 |   5 |  431.4 |
       Dungeon |   1966 |   1931 |     35 |    661 |    420 |   4 |  491.5 |
        Bailey |    191 |    191 |      0 |     99 |      0 |   1 |  191.0 |
               +--------+--------+--------+--------+--------+-----+--------+

Top non-repeatable levels by time:
     D:5: 759 daAuts
     D:4: 457 daAuts
     D:6: 405 daAuts
     D:7: 344 daAuts
  Bailey: 191 daAuts
